 Dungeon Crawl Stone Soup version 0.31-a0-16-g6d2539766c (webtiles) character file.

Game seed: 13771388114867248268

1134 IdlyInterested the Vexing (level 8, -5/67 HPs)
             Began as a Demonspawn Wanderer on May 8, 2023.
             Slain by a steam dragon (9 damage)
             ... on level 6 of the Dungeon.
             The game lasted 00:20:34 (4853 turns).

IdlyInterested the Vexing (Demonspawn Wanderer)     Turns: 4853, Time: 00:20:34

Health: -5/67      AC: 11    Str: 15 (17) XL:     8   Next: 14%
Magic:  0/11       EV:  4    Int: 10 (12) God:
Gold:   17         SH:  0    Dex: 17 (18) Spells: 10/11 levels left

rFire   . . .        D - +2 falchion (flame)
rCold   . . .        (no shield)
rNeg    . . .        A - +0 plate armour
rPois   .            (helmet restricted)
rElec   .            (no cloak)
rCorr   .            (no gloves)
SInv    .            t - +0 pair of boots
Will    .....        C - amulet of guardian spirit Stlth
                     y - +6 ring of dexterity
HPRegen 0.31/turn    (no ring)
MPRegen 0.12/turn

%: guardian spirit
@: no status effects
A: antennae 2, spiny 1
a: no special abilities


You were on level 6 of the Dungeon.
You visited 2 branches of the dungeon, and saw 7 of its levels.

You collected 311 gold pieces.
You spent 294 gold pieces at shops.

Inventory:

Hand Weapons
 a - a +1 mace
 e - a +0 hand axe
 g - a +0 short sword
 k - a +0 morningstar
 l - a +0 long sword
 z - a +0 trident
 B - a +0 quarterstaff
 D - a +2 falchion of flaming (weapon)
Missiles
 i - 6 boomerangs
 p - 38 stones
 G - 4 poisoned darts
Armour
 c - a +0 leather armour
 t - a +0 pair of boots (worn)
 u - a +0 ring mail
 x - a +0 chain mail
 A - a +0 plate armour (worn)
Jewellery
 y - a +6 ring of dexterity (left hand)
 C - an amulet of guardian spirit (around neck)
Wands
 E - a wand of flame (11)
 F - a wand of roots (7)
Scrolls
 b - a scroll of vulnerability
 h - a scroll of brand weapon
 m - a scroll of immolation {unknown}
 n - 2 scrolls of poison
 o - a scroll of fear
 q - a scroll of torment
 r - a scroll of magic mapping {unknown}
 v - a scroll of enchant armour {unknown}
 w - a scroll of enchant weapon
 H - a scroll of blinking
 I - 2 scrolls of teleportation {unknown}
Potions
 f - a potion of mutation
 j - a potion of might
 s - a potion of attraction


   Skills:
 + Level 7.0 Fighting
 - Level 1.0 Maces & Flails
 - Level 1.0 Throwing
 - Level 2.0 Armour
 - Level 2.0 Dodging
 - Level 2.0 Spellcasting
 * Level 7.1 Hexes
 - Level 1.0 Evocations


You had 10 spell levels left.
You knew the following spells:

 Your Spells              Type           Power      Damage    Failure   Level
a - Slow                  Hex            60%        N/A       82%         1

Your spell library contained the following spells:

 Spells                   Type           Power      Damage    Failure   Level
 Confusing Touch          Hex            15%        N/A       99%         3
 Freeze                   Ice            4%         1d3       100%        1
 Blink                    Tloc           2%         N/A       100%        2
 Lesser Beckoning         Tloc           2%         N/A       100%        2
 Momentum Strike          Conj/Tloc      2%         3d8       100%        2
 Dazzling Flash           Conj/Hex       16%        N/A       100%        3
 Frozen Ramparts          Ice            2%         1d1       100%        3
 Hailstorm                Conj/Ice       1%         3d3       100%        3
 Cause Fear               Hex            7%         N/A       100%        4
 Olgreb's Toxic Radiance  Pois           1%         N/A       100%        4
 Agony                    Necr           1%         N/A       100%        5
 Silence                  Hex/Air        4%         N/A       100%        5
 Discord                  Hex            7%         N/A       100%        8
 Ignition                 Fire           0%         3d3       100%        8


Dungeon Overview and Level Annotations

Branches:
Dungeon (6/15)             Temple (1/1) D:4

Altars:
Ashenzari
Cheibriados
Dithmenos
Fedhas
Gozag
Kikubaaqudgha
Nemelex Xobeh
Sif Muna
Trog
Uskayaw
Vehumet
Wu Jian
Xom

Shops:
D:5 **


Innate Abilities, Weirdness & Mutations

You have a pair of antennae on your head.
You are partially covered in sharp spines.


Message History

The steam dragon claws you but does no damage.
You closely miss the steam dragon.
The steam dragon is heavily wounded.
You are engulfed in a cloud of scalding steam.
The steam dragon breathes steam at you. The ball of steam hits you!!
You barely miss the steam dragon.
The steam dragon is heavily wounded.
The steam dragon bites you.
The steam dragon claws you but does no damage.
You hit the steam dragon. You burn the steam dragon.
The steam dragon is severely wounded.
You are engulfed in a cloud of scalding steam.
The steam dragon is struck by your spines.
The steam dragon bites you. The steam dragon barely misses you.
The steam dragon bites you!
* * * LOW HITPOINT WARNING * * *
The steam dragon claws you but does no damage.
The steam dragon barely misses you.
The steam dragon claws you but does no damage.
You closely miss the steam dragon.
The steam dragon is severely wounded.
The steam dragon breathes steam at you. The ball of steam misses you.
The steam dragon bites you but does no damage.
The steam dragon claws you.
* * * LOW HITPOINT WARNING * * *
You barely miss the steam dragon.
The steam dragon is severely wounded.
The steam dragon breathes steam at you. The ball of steam hits you!
* * * LOW HITPOINT WARNING * * *
The steam dragon bites you.
* * * LOW HITPOINT WARNING * * *
The steam dragon closely misses you.
It was a potion of degeneration.
There was something very wrong with that liquid.
You feel weakened.
You feel dopey.
You feel clumsy. The steam dragon bites you!
You die...

............#.....>##
.#......####....###
+.......§......#
#.......§.##...#
#.........##...#
+.....§.§.# ...#
#......§§.+
#.§)....§.#
#.§§..§@D.#
#######...# #..?#
#...# #...# #####


You could see a steam dragon (catching breath).

Vanquished Creatures
  Prince Ribbit (D:5)
  An orc warrior (D:4)
  A phantom (D:5)
  A scorpion (D:4)
  A crimson imp (D:5)
  2 jellies (D:5)
  A gnoll bouda (D:5)
  6 orc priests
  3 hounds
  A sleepcap (D:4)
  Ijyb (D:4)
  2 iguanas (D:4)
  An orc wizard (D:4)
  5 adders
  3 gnolls (D:5)
  A white imp (D:5)
  A worm (D:2)
  5 dart slugs
  25 orcs
  6 ball pythons
  9 endoplasms
  5 giant cockroaches
  5 goblins
  6 hobgoblins
  A quokka (D:2)
  4 bats
  4 frilled lizards
  9 kobolds
  5 rats
116 creatures vanquished.

Notes
Turn   | Place    | Note
-------+----------+-------------------------------------------
     0 | D:1      | IdlyInterested the Demonspawn Wanderer began the quest for
                  | the Orb.
     0 | D:1      | IdlyInterested set off with the following items: a +1 mace,
                  | a scroll of vulnerability, a +0 leather armour; and the
                  | following spell memorised: Slow; and the following spells
                  | available to memorise: Confusing Touch, Cause Fear.
     0 | D:1      | Reached XP level 1. HP: 19/19 MP: 2/2
    83 | D:1      | Found a faded altar of an unknown god.
   135 | D:1      | Reached skill level 1 in Dodging
   182 | D:1      | Gained mutation: You have a pair of small antennae on your
                  | head. [demonic ancestry]
   182 | D:1      | Reached XP level 2. HP: 22/25 MP: 3/3
   411 | D:1      | Reached skill level 1 in Throwing
   795 | D:1      | Reached skill level 1 in Evocations
  1012 | D:2      | Gained mutation: You are partially covered in sharp spines.
                  | [demonic ancestry]
  1012 | D:2      | Reached XP level 3. HP: 30/31 MP: 4/4
  1650 | D:2      | Reached XP level 4. HP: 31/38 MP: 3/5
  2543 | D:4      | Noticed a scorpion
  2554 | D:4      | Reached XP level 5. HP: 24/43 MP: 3/6
  2701 | D:4      | Found a staircase to the Ecumenical Temple.
  2729 | D:4      | Reached skill level 5 in Fighting
  2746 | Temple   | Entered the Ecumenical Temple
  2835 | D:4      | Gained mutation: You have a pair of antennae on your head.
                  | [demonic ancestry]
  2835 | D:4      | Reached XP level 6. HP: 51/51 MP: 3/7
  2879 | D:4      | Noticed an orc warrior
  2892 | D:4      | Killed an orc warrior
  3236 | D:4      | Noticed Ijyb
  3257 | D:4      | Killed Ijyb
  3617 | D:5      | Entered Level 5 of the Dungeon
  3770 | D:5      | Reached skill level 5 in Hexes
  3770 | D:5      | Reached XP level 7. HP: 26/58 MP: 4/10
  3934 | D:5      | Noticed Prince Ribbit
  3939 | D:5      | Killed Prince Ribbit
  4030 | D:5      | Found Xohun's General Store.
  4041 | D:5      | Found Aguethaf's Specific Store.
  4161 | D:5      | Reached XP level 8. HP: 18/65 MP: 3/11
  4704 | D:5      | Bought a scroll of brand weapon for 114 gold pieces
  4704 | D:5      | Bought a scroll of enchant weapon for 90 gold pieces
  4704 | D:5      | Bought a scroll of blinking for 90 gold pieces
  4853 | D:6      | Slain by a steam dragon

Illustrated notes

Levels and vault maps discovered:
D:1:      spicycebolla_arrival_clurvy, layout_loops_corners,
          ebering_ecumenical_altar_sacrificial
D:2:      minmay_razor_zed, layout_basic
D:3:      layout_rooms
D:4:      layout_basic, minmay_temple_entry_overgrown, guppyfry_early_orc_mine,
          uniq_ijyb
D:5:      layout_basic, lemuel_round_altar, nicolae_ru_great_annihilating_truth,
          nicolae_specific_store, grunt_ministairs_15, minmay_fire_ice_demons,
          uniq_eustachio, uniq_prince_ribbit1
D:6:      layout_basic, uniq_pikel, uniq_sigmund
Temple:   minmay_freezing_vapour_temple

Skill      XL: |  1  2  3  4  5  6  7  8 |
---------------+-------------------------+-----
Dodging        | 1 2 |  2.0
Throwing       | 1 |  1.0
Evocations     | 1 |  1.0
Hexes          | 4 5 6 7 |  7.1
Fighting       | 5 6 7 |  7.0
Armour         | 2 |  2.0
Spellcasting   | 2 |  2.0
Maces & Flails | |  1.0

Action                     |  1- 3 |  4- 6 |  7- 9 || total
---------------------------+-------+-------+-------++-------
  Melee: Mace              |    83 |    58 |       ||   141
         Punch             |       |     3 |     3 ||     6
         Falchion          |       |    51 |    85 ||   136
  Throw: Stone             |     2 |       |       ||     2
   Cast: Slow              |     3 |    10 |       ||    13
    Use: Scroll            |       |     5 |     2 ||     7
         Potion            |       |     1 |     3 ||     4
   Stab: Sleeping          |     1 |       |       ||     1
 Armour: Leather armour    |    18 |    19 |       ||    37
         Plate armour      |       |    24 |    67 ||    91
  Dodge: Dodged            |    42 |    62 |    24 ||   128

Table legend: (Time is in decaauts)
 A = Elapsed time spent in this place.
 B = Non-inter-level travel time spent in this place.
 C = Inter-level travel time spent in this place.
 D = Time resting spent in this place.
 E = Time spent auto-exploring this place.
 F = Levels seen in this place.
 G = Mean time per level.
                   A        B        C        D        E       F      G
               +--------+--------+--------+--------+--------+-----+--------+
         Total |   4955 |   4244 |    711 |   1125 |   1845 |   7 |  707.9 |
       Dungeon |   4930 |   4219 |    711 |   1125 |   1845 |   6 |  821.7 |
        Temple |     25 |     25 |      0 |      0 |      0 |   1 |   25.0 |
               +--------+--------+--------+--------+--------+-----+--------+

Top non-repeatable levels by time:
     D:4: 1173 daAuts
     D:5: 1113 daAuts
     D:1: 1061 daAuts
     D:2: 951 daAuts
     D:3: 585 daAuts
     D:6: 45 daAuts
  Temple: 25 daAuts
